[Event "4NCL Div 2 2024-25"]
[Site "England"]
[Date "2025.01.25"]
[Round "3.10"]
[White "Gallana, Marco"]
[Black "Longson, Alexander"]
[Result "0-1"]
[Annotator "TA"]
[ECO "A13"]
[WhiteElo "2216"]
[BlackElo "2250"]
[PlyCount "138"]
[EventDate "2024.11.23"]
[EventType "team-tourn"]
[EventCountry "ENG"]
[SourceTitle "playchess.com"]
[Source "ChessBase"]
[SourceQuality "1"]
[TimeControl "40/6000+30:3000+30"]

1. c4 e6 2. g3 d5 3. Bg2 Nf6 4. Nf3 dxc4 5. Qa4+ Nbd7 6. Qxc4 a6 $1 {[%emt 0:00:28] 6...a6 is better than 6...c5.} 7. Qc2 c5 8. Nc3 Qc7 {[%emt 0:00:19] A13: English Opening: 1...e6.} 9. a4 b6 10. d3 Bb7 {[%emt 0:01:21] The position is equal.} 11. O-O Be7 12. e4 O-O 13. h3 $146 (13. Re1 Rac8 14. Qe2 c4 15. d4 e5 16. d5 Ne8 17. Be3 Nd6 18. Nd2 b5 19. axb5 axb5 {1-0 Tazbir,M (2508)-Marn,J (2332) EU-ch Blitz Katowice 2022 (6)}) 13... Bc6 14. Bf4 Qb7 15. d4 $2 (15. Nd2 $14 {keeps the upper hand.}) 15... Nxe4 $19 16. Ne5 Nxe5 17. Nxe4 Ng6 (17... cxd4 18. Bxe5 Rfc8 19. g4 $16 (19. Bxd4 f5 $14)) 18. Bd6 Bxd6 (18... cxd4 $19 {[%cal Od4d3] Hoping for ...d3!.} 19. Bxe7 Nxe7) 19. Nxd6 $17 Qc7 20. Ne4 (20. Bxc6 $17 Qxc6 21. dxc5) 20... f5 (20... cxd4 $19 21. Rfc1 Rfc8) 21. Ng5 Bxg2 22. Kxg2 Qc6+ 23. Nf3 Qd5 {[%emt 0:08:01] Black is more active.} (23... Rad8 $17 24. dxc5 bxc5) 24. dxc5 $15 Ne5 (24... Qxc5 $6 25. Qb3 $11) 25. Qc3 Nxf3 26. Qxf3 bxc5 (26... Qxc5 27. Rac1 Qa5 28. Rfd1 $11) 27. Rac1 Rfd8 28. Rfd1 Qxf3+ 29. Kxf3 Rxd1 30. Rxd1 {[%emt 0:00:06][%mdl 4096] Endgame KR-KR. Black is a pawn up.} Rb8 31. Rd6 Kf7 (31... Rxb2 32. Rxe6 Rb4 33. Rxa6 $14) 32. Rxa6 Rxb2 33. Rc6 Ra2 34. Rxc5 Rxa4 35. h4 Kf6 36. Rb5 Rc4 37. Ra5 Rb4 38. Ra6 Rd4 39. Ke3 Re4+ 40. Kf3 Rd4 41. Ke3 $1 Rg4 42. Kf3 h6 43. Rb6 Ra4 44. Ke3 Ra3+ 45. Ke2 {[%emt 0:00:00] [#]} f4 $1 46. gxf4 Rh3 47. Rb5 Rxh4 48. Kf3 Rh1 49. Kg2 Rd1 50. f3 Rd5 51. Rb8 h5 52. Kg3 Rd3 53. Rh8 Kg6 54. Re8 Kf7 55. Rh8 g6 56. Ra8 Rd7 {[%emt 0:01:01] Against Ra7} 57. Rb8 Kf6 58. Rf8+ Rf7 59. Ra8 Rh7 60. Kh4 Rb7 61. Kg3 Rb5 62. Rf8+ Kg7 63. Ra8 g5 ({Black should play} 63... Rb6 $17) 64. fxg5 $11 Rxg5+ 65. Kf4 Rf5+ 66. Kg3 Kf6 67. Ra4 Kg5 68. Re4 e5 69. Rxe5 $2 {[%emt 0:00:11][%mdl 8192] [#]} h4+ {[%emt 0:00:35] Weighted Error Value: White=0.15 (very precise) /Black=0.10 (very precise)   Loses game:     	White=2     	---        Mistake:       	White=1     	Black=4      Inaccurate:     	White=4     	Black=2      OK:         	White=24    	Black=25     Best:        	White=3     	Black=7      Strong:       	White=1     	---} ({And not} 69... Rxe5 70. f4+ Kf5 71. fxe5 $11) 0-1

[Event "4NCL Div 2 2024-25"]
[Site "England"]
[Date "2025.01.25"]
[Round "3.11"]
[White "Jackson, Edward"]
[Black "Hoffmann, Hendrik"]
[Result "1/2-1/2"]
[Annotator "TA"]
[ECO "E70"]
[WhiteElo "2132"]
[BlackElo "2202"]
[PlyCount "89"]
[EventDate "2024.11.23"]
[EventType "team-tourn"]
[EventCountry "ENG"]
[SourceTitle "playchess.com"]
[Source "ChessBase"]
[SourceQuality "1"]
[TimeControl "40/6000+30:3000+30"]

1. d4 Nf6 2. c4 g6 3. Nc3 Bg7 4. e4 d6 5. Nge2 O-O 6. Ng3 e5 {[%emt 0:00:38] 6...h5 deserves study.} 7. d5 Ng4 8. f3 {[%emt 0:07:15] E70: King's Indian: Miscellaneous lines with 4 e4, including 5 Nge2 and 5 Bd3 0-0 6 Nge2.} Nh6 9. h4 f5 10. exf5 Nxf5 11. Bg5 Qe8 12. Nxf5 gxf5 13. Qd2 a6 $146 (13... Na6 $14) (13... f4 14. h5 h6 15. Bh4 Qxh5 16. Bd3 Bf5 17. O-O-O Qf7 18. Bxf5 Qxf5 19. Ne4 Nd7 {½-½ Hoogendoorn,F-Van Laatum,G (2395) Ghent op 15th 1992 (2)}) 14. Bh6 (14. h5 $16) 14... Nd7 15. Bxg7 Kxg7 16. h5 h6 (16... Nf6 $11) 17. Rh3 ({White should try} 17. O-O-O $14) 17... f4 (17... Qd8 $11) 18. g4 Nf6 19. O-O-O Nh7 20. Ne4 Qe7 21. Qc2 {[%emt 0:02:07] White is more active.} Ng5 22. Nxg5 Qxg5 {[%emt 0:00:00] Black is weak on the light squares} 23. Qe4 b6 24. Bd3 Rh8 {[%emt 0:00:00] Against Qh7+} 25. Rg1 Bd7 26. Rh2 a5 27. Qe1 (27. b3 {keeps more tension.} Kf6 28. a4 Rag8 29. Qe1) 27... Rhg8 28. Bf5 Rad8 29. Rhg2 Kf7 30. Bxd7 Rxd7 31. Qe4 Kf8 32. Kc2 Qg7 33. Qf5+ Qf7 34. Kd3 Rg5 35. Qxf7+ Kxf7 $14 {[%emt 0:00:10][%mdl 4096] Endgame KRR-KRR} 36. Ke4 Kf6 37. Rc1 Rg8 38. Rc3 Rdd8 39. Ra3 Ra8 40. Rc2 (40. Ra4 $11) 40... Kg5 (40... a4 $1 $15) 41. Rcc3 (41. Ra4 $11) 41... Rgf8 (41... a4 $1 $15) 42. Ra4 $11 Ra7 43. Rca3 Rb8 44. b4 {[%emt 0:00:00] [#]} (44. Rb3 $11) 44... Rba8 (44... b5 $1 $17 45. Rxa5 Rxa5 46. Rxa5 (46. bxa5 {gets mated.} bxc4 47. Ra4 Rb2 48. Rxc4 Rd2 49. a6 c6 50. dxc6 Kf6 51. g5+ hxg5 52. h6 d5#) 46... bxc4) 45. b5 $1 {[%emt 0:00:00] Weighted Error Value: White=0.20 (precise) /Black=0.20 (precise)   Mistake:       	White=5     	Black=6      Inaccurate:     	White=4     	Black=1      OK:         	White=9     	Black=14     Best:        	White=2     	Black=2      Strong:       	White=1     	---} 1/2-1/2

[Event "4NCL Div 2 2024-25"]
[Site "England"]
[Date "2025.01.25"]
[Round "3.12"]
[White "Horton, Jamie A"]
[Black "McLean, Robert"]
[Result "1/2-1/2"]
[Annotator "TA"]
[ECO "A40"]
[WhiteElo "2163"]
[BlackElo "2011"]
[PlyCount "36"]
[EventDate "2024.11.23"]
[EventType "team-tourn"]
[EventCountry "ENG"]
[SourceTitle "playchess.com"]
[Source "ChessBase"]
[SourceQuality "1"]
[TimeControl "40/6000+30:3000+30"]

1. d4 e6 2. c4 b6 3. e4 Bb4+ 4. Nc3 Bb7 5. f3 f5 6. exf5 Nh6 7. Be3 {[%emt 0:05:20] A40: Unusual replies to 1 d4.} (7. fxe6 $14 Nf5 8. Bf4) 7... Nxf5 $15 8. Bf2 O-O 9. Nge2 {[%emt 0:03:11] Black is slightly better.} c5 10. a3 (10. Qc2 $15) 10... Bxc3+ $17 11. Nxc3 cxd4 12. Bxd4 Nxd4 $146 (12... Nh4 $17 {[%cal Rb7f3] aiming for ...Bxf3!.} 13. Qc2 Bxf3) (12... Nc6 13. Bf2 Rc8 14. Rc1 Ne5 15. Nb5 Nh4 16. Nd4 Nhxf3+ {0-1 Fischer,J (2346)-Sulava,N (2486) Bad Woerishofen op 16th 2000 (5)}) 13. Qxd4 $11 Nc6 14. Qd6 Qh4+ 15. Qg3 Qf6 16. O-O-O Nd4 17. Bd3 Rac8 18. Kb1 Nf5 {[%emt 0:10:28] Weighted Error Value: White=0.24 (precise) /Black=0.19 (very precise)   Mistake:       	White=1     	Black=1      Inaccurate:     	White=2     	Black=1      OK:         	White=2     	Black=4      Best:        	White=1     	Black=3} 1/2-1/2

[Event "4NCL Div 2 2024-25"]
[Site "England"]
[Date "2025.01.25"]
[Round "3.13"]
[White "Smith, Alan A"]
[Black "Maciol, Ryszard"]
[Result "0-1"]
[Annotator "TA"]
[ECO "C17"]
[WhiteElo "2227"]
[BlackElo "2125"]
[PlyCount "71"]
[EventDate "2024.11.23"]
[EventType "team-tourn"]
[EventCountry "ENG"]
[SourceTitle "playchess.com"]
[Source "ChessBase"]
[SourceQuality "1"]
[TimeControl "40/6000+30:3000+30"]

1. e4 e6 2. Nc3 d5 3. d4 Bb4 4. e5 c5 5. Qg4 Ne7 6. dxc5 Nbc6 7. Bd2 Ng6 (7... Bxc5 8. Na4 Bxf2+ (8... Nxe5 $2 9. Qxg7 Bxf2+ 10. Kxf2 $18) 9. Kxf2 $14) (7... O-O $15) 8. Nf3 f5 (8... Bxc5 $11 9. Bd3 O-O) 9. exf6 $14 Qxf6 10. O-O-O {[%emt 0:02:05] Threatens to win with Bb5. White is slightly better.} O-O $1 11. h4 Bxc5 12. Bg5 Qf7 13. Qg3 (13. Be3 {looks sharper.} Nge5 14. Nxe5 Nxe5 15. Qg5) 13... Nf4 {[%emt 0:04:35] [#]} 14. h5 $1 Bd6 $132 {[%emt 0:09:55][%cal Of4d3][%mdl 2048] Black is not holding back} 15. Kb1 Bc7 16. Nb5 Bb8 17. Rh4 $2 {[%emt 0:00:00] This costs White the game.} (17. h6 $14 g6 18. Qh4) 17... a6 $1 $19 (17... Nxh5 18. Qh3 g6 (18... e5 $2 19. Qh1 $16) 19. Bh6 $16) 18. Nbd4 {[%emt 0:00:00] [#]} Nd3 $1 19. Bxd3 {[%emt 0:00:00][%cal Od4c6] Nxc6! would now be deadly.} (19. Nxc6 bxc6) 19... Bxg3 20. fxg3 h6 21. Bf4 (21. Nxc6 $17 bxc6 22. Bxh6 gxh6 23. Ne5) 21... Nxd4 22. Nxd4 Bd7 23. Bd6 {[%emt 0:00:00] [#]} (23. Nf3 $142) 23... Qf2 $1 {[%emt 0:01:48] Strongly threatening ...e5.} 24. Be5 (24. Bg6 e5) 24... Qe3 25. Bf4 Rxf4 ({Not} 25... Qxd4 26. Bh7+ Kxh7 27. Rxd4 $17) 26. gxf4 Rf8 (26... Qxd4 $2 27. Bh7+ Kxh7 28. Rxd4 $18) 27. Ne2 Qf2 28. g3 {[%emt 0:00:00] [#]} e5 $1 29. fxe5 {[%emt 0:00:00] [#]} Rf3 {[%emt 0:00:18][%cal Of3d3] aiming for ...Rxd3!} 30. Nd4 $2 (30. Nc1 {is a better chance.}) 30... Rxg3 {[%emt 0:01:11] Black is clearly winning.} 31. Rhh1 {[%emt 0:00:00][%cal Oe5e6] [#] Black must now prevent e6!} Bg4 (31... Qxd4 32. Bh7+ Kxh7 33. Rxd4 $18) 32. Rhf1 Rxd3 (32... Qxd4 $2 {is the wrong capture.} 33. Bh7+ Kxh7 34. Rxd4 $18) 33. cxd3 Qxd4 34. Rd2 Qxe5 35. Kc2 Bxh5 36. Rff2 {[%emt 0:01:36] Weighted Error Value: White=0.67/Black=0.17 (very precise) .  Loses game:     	White=1     	---        Mistake:       	White=3     	Black=1      Inaccurate:     	White=3     	Black=3      OK:         	White=10    	Black=8      Best:        	---       	Black=3      Strong:       	---       	Black=2      Brilliant:      	White=1     	Black=1} 0-1

[Event "4NCL Div 2 2024-25"]
[Site "England"]
[Date "2025.01.25"]
[Round "3.14"]
[White "Serbanescu, Diana-Maria"]
[Black "Rawlinson, Aidan M"]
[Result "1-0"]
[Annotator "TA"]
[ECO "B06"]
[WhiteElo "1992"]
[BlackElo "2076"]
[PlyCount "71"]
[EventDate "2024.11.23"]
[EventType "team-tourn"]
[EventCountry "ENG"]
[SourceTitle "playchess.com"]
[Source "ChessBase"]
[SourceQuality "1"]
[TimeControl "40/6000+30:3000+30"]

1. e4 g6 2. d4 Bg7 3. Nc3 d6 4. Be3 a6 5. Qd2 b5 6. h4 {[%emt 0:01:28] B06: Modern Defence.} Nf6 7. f3 h5 8. Nh3 {[%emt 0:01:14] White is slightly better.} c6 9. O-O-O Bxh3 10. Rxh3 Nbd7 11. Be2 a5 $146 (11... O-O $11) (11... Qa5 12. a3 Rb8 13. g4 hxg4 14. fxg4 b4 15. Na2 Nxe4 16. Qd3 d5 17. Nxb4 Rxb4 18. h5 Ndc5 {0-1 Wadsworth,M (2452)-Ghasi,A (2508) Titled Tuesday intern op 21st Nov Late blitz 2023 (8)}) 12. Qe1 ({White should play} 12. e5 $1 $16 ) 12... Qc7 13. Bf4 (13. g4 $11) 13... a4 14. e5 dxe5 $17 15. dxe5 b4 (15... Nxe5 $17 16. Kb1 Nfd7) 16. Bc4 O-O 17. Qg3 $2 (17. Kb1 bxc3 18. exf6 Qxf4 19. fxg7) 17... bxc3 $2 ({Black should play} 17... Nd5 $1 $19 18. Nxd5 cxd5 19. Bxd5 Rac8 (19... Ra6 20. e6 $16)) 18. exf6 $11 Qb6 (18... cxb2+ $2 19. Kb1 $18) 19. bxc3 (19. Rxd7 Qg1+ 20. Rd1 cxb2+ 21. Kxb2 Qxd1 22. fxg7 a3+ 23. Kc3 Rfd8 $19) 19... Nxf6 20. Qxg6 {[%emt 0:01:10] and Rg3 would now be decisive} e6 $36 {[%emt 0:01:02][%mdl 2048] White is under pressure.} 21. Bxe6 fxe6 $17 22. Bh6 Ra7 23. Rg3 {[%emt 0:00:07][%cal Od1d4] [#]} Rb7 (23... Rff7 $1 $17 {and ...Rab7 should not be overlooked} 24. Rg5 (24. Rd3 Rab7) 24... Nh7 (24... Qe3+ 25. Rd2 $11)) 24. Bxg7 $4 (24. Rd4 $15 Qa7 25. Qxg7+ (25. Bxg7 Rxg7 26. Qxg7+ Qxg7 $17) 25... Rxg7 26. Rxg7+ Qxg7 27. Bxg7 Kxg7 28. Rxa4) 24... Qe3+ $19 25. Rd2 Qe1+ (25... Rb1+ $142 26. Kxb1 Qg1+ 27. Rd1 Qxd1+ 28. Kb2 Rb8+ 29. Ka3 Qd6+ 30. Kxa4 Ra8+ 31. Kb3 Qb8+ (31... Rb8+ $2 32. Ka4 $19) 32. Kc4 Qf4+ 33. Qe4 Nxe4 34. Be5+ Qxg3 (34... Nxg3+ $2 35. Bxf4 Ra4+ 36. Kb3 $19) 35. Bxg3 Nxg3) 26. Rd1 {[%emt 0:00:00] [#]} Rb1+ $3 27. Kxb1 Qxd1+ 28. Kb2 Rb8+ 29. Ka3 Qd6+ 30. Kxa4 Ra8+ 31. Kb3 Qa3+ $2 (31... Qb8+ $19 32. Kc4 Qf4+ 33. Qe4 Nxe4 34. Be5+ Qxg3 (34... Nxg3+ $2 35. Bxf4 Ra4+ 36. Kb3 $19) 35. Bxg3 Nxg3) 32. Kc4 $11 Qa6+ 33. Kd4 Rd8+ $2 (33... Qb6+ $1 $11 34. Kd3 Rd8+ 35. Ke2 Qb5+ 36. Kf2 Qb6+ 37. Ke2) 34. Ke5 $16 Qa5+ $2 (34... Rd5+ $16 35. Kxf6 Rf5+ 36. Qxf5 exf5) 35. Kxf6 Qxc3+ 36. Ke7 {[%emt 0:00:38] Weighted Error Value: White=0.60/Black=0.89  Loses game:     	White=1     	Black=1      Missed win:     	---       	Black=1      Mistake:       	White=6     	Black=4      Inaccurate:     	---       	Black=1      OK:         	White=2     	Black=8      Best:        	White=6     	Black=2} 1-0

[Event "4NCL Div 2 2024-25"]
[Site "England"]
[Date "2025.01.25"]
[Round "3.15"]
[White "Longson, Sarah N"]
[Black "Franco, Gaston"]
[Result "0-1"]
[Annotator "TA"]
[ECO "B30"]
[WhiteElo "1929"]
[BlackElo "2070"]
[PlyCount "116"]
[EventDate "2024.11.23"]
[EventType "team-tourn"]
[EventCountry "ENG"]
[SourceTitle "playchess.com"]
[Source "ChessBase"]
[SourceQuality "1"]
[TimeControl "40/6000+30:3000+30"]

1. e4 c5 2. Nc3 Nc6 3. Bb5 Nd4 4. Nf3 e6 5. O-O a6 6. Bd3 Nc6 {[%emt 0:00:47] B30: Sicilian: 2...Nc6 3 Bb5, lines without ...g6.} 7. e5 d5 {[%emt 0:12:30] 7...d6 is more advanced technology.} 8. exd6 $1 Bxd6 {[%emt 0:00:11] The position is equal.} 9. Ne4 Be7 10. Re1 g5 $146 (10... Nb4 $11 {and Black stays safe.}) (10... Nf6 11. Nfg5 Nxe4 12. Nxe4 O-O 13. b3 f5 14. Ng3 e5 15. Bb2 Bd6 16. f4 exf4 {0-1 Rodriguez Dogmoch,K (1979)-Teran Alvarez,I (2297) ESP-ch 89th Marbella 2024 (3)}) 11. h3 $2 (11. b4 $1 $18) 11... h5 12. b3 g4 13. Bb2 Rh6 14. hxg4 hxg4 15. Ne5 Nxe5 16. Bxe5 {[%emt 0:00:22] A sharp opening} f5 17. Ng3 Nf6 (17... Kf8 $11 {remains equal.}) 18. Qe2 (18. Bc4 $16) 18... Nh5 (18... Nd5 $11) 19. Qe3 $36 {[%emt 0:08:01][%mdl 2048] White is pushing.} Rh7 (19... Bg5 $1 $14 20. Qxc5 Nxg3 21. fxg3 (21. Bxg3 f4 $17) 21... Kf7) 20. Nxh5 $16 Rxh5 {[%emt 0:00:03] [#]} 21. f3 $1 Bg5 (21... gxf3 $16 22. Qxf3 Rh4) 22. Qxc5 gxf3 {[%emt 0:00:34] [#]} (22... Be7 $16 23. Qe3 b6) 23. Bxf5 $1 $18 Be3+ (23... f2+ $2 24. Qxf2 Rh6 25. Bg7 Qxd2 26. Bg6+ Rxg6 27. Qf8+ Kd7 28. Rad1 $18 (28. Qf7+ Kc6 $18)) (23... Rh6 24. Be4) 24. Qxe3 Rxf5 25. Rf1 ({Only move:} 25. gxf3 $18 {Kf2 would now be deadly.} Bd7 26. Kf2 Qh4+ 27. Bg3) 25... Qg5 $11 26. Qxg5 Rxg5 27. Bf4 (27. Bc3 $142 Rxg2+ (27... fxg2 28. Rf2 $16) 28. Kh1) 27... Rxg2+ 28. Kh1 Bd7 29. Rxf3 (29. Rg1 $1 $11 {was the only way to keep the balance.}) 29... Rg4 $17 30. Kh2 (30. Rg1 $17 Bc6 31. Rxg4 Bxf3+ 32. Rg2) 30... Bc6 $19 31. Rf2 O-O-O 32. Be5 {[%emt 0:00:36] Repels Rh8+} Rdg8 33. Bf6 {[%emt 0:02:47] Inhibits Rh4+.} (33. Rf4 $142 Rg2+ 34. Kh3 R2g3+ (34... Rxd2 35. Rf7 $17) 35. Kh2) 33... R8g6 {[%emt 0:01:06] ( -> ...Rh6+)} 34. Kh3 Bg2+ 35. Rxg2 Rxg2 {[%emt 0:00:05][%mdl 4096] Endgame KRR-KRB} 36. Bc3 (36. Bh4 $142) 36... Rg1 $2 (36... R6g3+ 37. Kh4 Rg8) 37. Rxg1 Rxg1 {[%emt 0:00:01] KR-KB} 38. Kh2 $2 (38. a4) 38... Rc1 39. Kg3 Rxc2 40. a4 Ra2 41. a5 Kd7 42. Kf3 Ra3 43. b4 Rb3 44. Ke4 Rb1 45. Kd4 Kc6 {[%emt 0:00:09] ...Re1 would now be deadly.} 46. Kc4 Re1 47. Bd4 Rc1+ 48. Bc3 e5 49. Kb3 Kd5 50. d3 Rh1 51. Kc2 Rh2+ 52. Kb3 Rg2 (52... Rh3 $142 53. Kc2 Rh2+ 54. Kb3 Re2 55. Bb2 Re3 56. Kc2 e4 57. dxe4+ Kc4 (57... Kxe4 $2 58. Bc3 $19) (57... Rxe4 $2 58. Kb3 $19) 58. Bc1 Rxe4 59. Bg5 Re2+ (59... Kxb4 $2 60. Bd2+ Ka4 61. Bh6 $19) 60. Kd1 Re5 61. Bf6 Rd5+ 62. Kc2 Kxb4 63. Bh4 Kxa5 64. Be7 Re5 65. Bd6 Re6 66. Bf8 Kb5 67. Kc3 Re3+ 68. Kc2 a5 69. Bg7 a4 70. Bf8 Rf3 71. Bg7 a3 72. Kd2 a2 73. Ke2 Rg3 74. Bh8 Kc4 75. Kd2 Rd3+ 76. Kc2 Rh3 77. Be5 Rh2+ 78. Bxh2 a1=Q (78... a1=B 79. Kb1 $15) 79. Kd2 Qb2+ 80. Ke3 Qxh2 81. Kf3 Qh4 82. Ke3 Kc3 83. Kf3 Kd3 84. Kg2 Ke3 85. Kg1 Kf3 86. Kf1 Qh1#) 53. Bb2 Rg3 54. Kc2 e4 55. dxe4+ Kxe4 {[%emt 0:00:03] ( -> ...Kd5)} 56. Bc3 Kd5 {[%emt 0:00:07] Black mates.} 57. Bf6 Kc4 58. Be7 Rb3 {[%emt 0:00:45] What a bad dream for White.   Weighted Error Value: White=0.88/Black=0.41  Loses game:     	---       	Black=1      Missed win:     	White=1     	---        Mistake:       	White=8     	Black=6      Inaccurate:     	White=1     	Black=1      OK:         	White=8     	Black=9      Best:        	White=3     	Black=5      Strong:       	White=2     	---        Brilliant:      	White=1     	---} 0-1

[Event "4NCL Div 2 2024-25"]
[Site "England"]
[Date "2025.01.25"]
[Round "3.16"]
[White "Kemp, Peter D"]
[Black "Wong, Chun Hei"]
[Result "0-1"]
[Annotator "TA"]
[ECO "E03"]
[WhiteElo "2096"]
[BlackElo "1925"]
[PlyCount "38"]
[EventDate "2024.11.23"]
[EventType "team-tourn"]
[EventCountry "ENG"]
[SourceTitle "playchess.com"]
[Source "ChessBase"]
[SourceQuality "1"]
[TimeControl "40/6000+30:3000+30"]

1. d4 Nf6 2. c4 e6 3. Nf3 d5 4. g3 Be7 5. Bg2 O-O 6. O-O dxc4 7. Qc2 b6 8. Qxc4 Bb7 9. Nc3 Nbd7 10. Rd1 c5 11. dxc5 {[%emt 0:07:47] E03: Open Catalan: 5 Qa4+ Nbd7 6 Qxc4.} Bxc5 12. b4 Bxf2+ (12... Be7 {simplifies} 13. a3 a5 14. Bd2 axb4 15. axb4 Qc8) 13. Kf1 {[%emt 0:08:35] White sacrificed a pawn} (13. Kxf2 $11 {keeps the balance.} Rc8 14. Qd4 Rxc3 15. Bf4) 13... Rc8 $17 14. Qb3 {[%emt 0:04:16] [#]} Ng4 $146 (14... b5 $1 $17 {Threatens to win with ...Qb6.} 15. Nxb5 (15. Kxf2 $2 Rxc3 16. Qb2 Qb6+ 17. Nd4 Rfc8 $19) 15... Bb6) (14... b5 15. Bg5 Qb6 16. Rd3 e5 17. Rad1 e4 18. Rd6 Rc6 19. Rxd7 exf3 20. Bxf3 Bg1 {0-1 Mkrtchyan,M (2381)-Sturua,Z (2521) Yerevan Margaryan Memorial GM 2023 (3)}) 15. h3 {[%emt 0:05:12] [#]} (15. Bg5 $1 $14 Qe8 16. Nb5) 15... Ne3+ $1 (15... Qf6 16. hxg4 Bxf3 (16... Qxc3 $2 17. Qxc3 Rxc3 18. Kxf2 $18) (16... Rxc3 $2 17. g5 $18) 17. Bxf3 $16) 16. Kxf2 $2 {[%emt 0:00:38] This costs White the game.} (16. Bxe3 $17 {is the only way for White.} Bxe3 17. Nb5) 16... Rxc3 $1 $19 ({Weaker is} 16... Nxd1+ 17. Nxd1 Nf6 18. Bb2 $15) 17. Rxd7 $2 (17. Bxe3 Rxb3 18. axb3) 17... Qxd7 18. Qb1 Nxg2 19. Kxg2 Qd1 {[%emt 0:01:52][%csl LRe2,LRf3] Weighted Error Value: White=1.95/Black=0.36  Loses game:     	White=1     	---        Mistake:       	White=3     	Black=1      Inaccurate:     	White=2     	---        OK:         	White=1     	Black=1      Strong:       	---       	Black=2} 0-1

[Event "4NCL Div 2 2024-25"]
[Site "England"]
[Date "2025.01.25"]
[Round "3.17"]
[White "Walton, Alan J"]
[Black "Cooksey, Paul S"]
[Result "1/2-1/2"]
[Annotator "TA"]
[ECO "D17"]
[WhiteElo "2025"]
[BlackElo "2234"]
[PlyCount "68"]
[EventDate "2024.11.23"]
[EventType "team-tourn"]
[EventCountry "ENG"]
[SourceTitle "playchess.com"]
[Source "ChessBase"]
[SourceQuality "1"]
[TimeControl "40/6000+30:3000+30"]

1. d4 d5 2. c4 c6 3. Nc3 Nf6 4. Nf3 dxc4 5. a4 Bf5 6. Nh4 e6 7. Nxf5 exf5 8. e3 Bd6 9. Bxc4 O-O 10. h3 {[%emt 0:00:34] D17: Slav Defence: 5 a4 Bf5: Lines with 6 Nh4 and 6 Ne5.} Qd7 11. Qd3 $146 (11. g4 fxg4 12. hxg4 Qxg4 13. Qxg4 Nxg4 14. e4 Na6 15. Bxa6 bxa6 16. f3 Nh6 17. Bxh6 gxh6 18. Rxh6 {1-0 Khenkin,I (2530)-Kirov,N (2455) Zaragoza op-A 1995 (3)}) 11... Re8 12. O-O {[%emt 0:01:14] White has an edge.} a5 13. Bd2 (13. Rd1 $14) 13... Na6 $11 14. Bxa6 Rxa6 15. Rfe1 Qe6 16. f3 Raa8 17. e4 Bc7 18. Bg5 (18. exf5 $11 {feels stronger.} Qd6 19. Rxe8+ Nxe8 20. Ne2) 18... fxe4 19. Nxe4 Nxe4 20. Rxe4 Qd7 21. Rae1 Rxe4 22. Qxe4 h6 23. Bh4 Bb6 24. Bf2 Rd8 25. Rd1 Re8 26. Qd3 Qd5 27. Kf1 Rd8 28. Be3 Ba7 29. Qc3 Re8 30. Re1 Bb6 31. Bf2 Rd8 32. Re4 {[%emt 0:03:21] The position is equal.} Qd7 33. d5 Bxf2 34. dxc6 bxc6 {[%emt 0:02:16] Weighted Error Value: White=0.16 (very precise) /Black=0.13 (very precise)   Mistake:       	White=2     	---        Inaccurate:     	White=3     	Black=2      OK:         	White=8     	Black=5      Best:        	White=1     	---} 1/2-1/2